 Dungeon Crawl Stone Soup version 0.22.1-2-g9c5b331383 (webtiles) character file.

71 Allula97 the Skirmisher (level 4, -10/40 HPs)
             Began as a Minotaur Monk on Nov 25, 2018.
             Was a Believer of Okawaru.
             Killed by divine providence
             ... invoked by an orc priest
              (16 damage)
             ... on level 3 of the Dungeon.
             The game lasted 00:06:24 (954 turns).

Allula97 the Skirmisher (Minotaur Monk)              Turns: 954, Time: 00:06:25

Health: -10/40     AC:  2    Str: 21    XL:     4   Next: 5%
Magic:  0/3        EV: 17    Int:  7    God:    Okawaru [**....]
Gold:   82         SH:  0    Dex: 13    Spells: 3/3 levels left

rFire    . . .     SeeInvis .   a - +0 falchion
rCold    . . .     Gourm    .   (no shield)
rNeg     . . .     Faith    .   b - +0 robe
rPois    .         Spirit   .   m - +0 hat
rElec    .         Reflect  .   (no cloak)
rCorr    .         Harm     .   (no gloves)
MR       .....                  (no boots)
Stlth    +++.......             (no amulet)
HPRegen  0.13/turn              (no ring)
MPRegen  0.08/turn              (no ring)

@: mighty, heroism
A: retaliatory headbutt, horns 2
a: Heroism, Renounce Religion


You were on level 3 of the Dungeon.
You worshipped Okawaru.
Okawaru was pleased with you.
You were not hungry.

You visited 1 branch of the dungeon, and saw 3 of its levels.

You collected 82 gold pieces.

Inventory:

Hand Weapons
 a - a +0 falchion (weapon)
Missiles
 h - 4 tomahawks
 i - 5 javelins (quivered)
Armour
 b - a +0 robe (worn)
 m - a +0 hat (worn)
Jewellery
 l - an uncursed ring of ice
Scrolls
 f - a scroll of immolation
 g - 2 scrolls of identify
 n - a scroll of remove curse {unknown}
 p - 2 scrolls of noise {unknown}
 q - a scroll of teleportation {unknown}
 r - a scroll of fear {unknown}
Potions
 e - a potion of heal wounds {unknown}
 k - 3 potions of cancellation
 o - a potion of lignification {unknown}
Comestibles
 c - 3 rations
 d - 9 chunks of flesh


   Skills:
 * Level 4.2(9.2) Fighting
 * Level 4.1(9.1) Long Blades
 * Level 2.2(7.2) Armour
 * Level 3.9(8.9) Dodging
 - Level 1.5(6.5) Stealth
 + Level 0.8(5.8) Unarmed Combat


You had 3 spell levels left.
You didn't know any spells.
Your spell library was empty.

Dungeon Overview and Level Annotations

Branches:
Dungeon (3/15)

Altars:
Cheibriados
Makhleb
Okawaru
Uskayaw


Innate Abilities, Weirdness & Mutations

You reflexively headbutt those who attack you in melee.
You have a pair of horns on your head.


Message History

Okawaru accepts your kill. The bat hits you but does no damage.
The orc throws a tomahawk.
The tomahawk barely misses you.
Unknown command.
An adder comes into view.
The bat misses you.
You riposte.
You slash the bat!
You kill the bat!
Okawaru accepts your kill. The orc closely misses you.
The orc priest mumbles some strange prayers to Beogh against you.
Beogh smites you!
* * * LOW HITPOINT WARNING * * *
Found a dagger.
Things that are here:
a war axe; a whip; a leather armour You feel very mighty all of a sudden.
The orc misses you. You furiously retaliate!
You headbutt the orc.
The orc priest invokes the aid of Beogh against you.
Beogh smites you!
You die...

...... .....(.
...... .......
......# .....
.......##....
...........# .
#..$.......#....
#..)o<.......
.....#o##.$....
... #@# .....
....).ool# ....
#####.o.... ...
#........ ..
#..###...... #..
##..# ... ..#
##.# ..


You could see 2 orc priests, 3 orcs and a frilled lizard.

Vanquished Creatures
  An adder (D:3)
  3 dart slugs
  3 orcs
  2 giant cockroaches
  4 hobgoblins
  4 jackals (D:1)
  3 kobolds
  3 quokkas (D:2)
  A ball python (D:1)
  7 bats
  5 frilled lizards
  10 goblins
  4 rats
50 creatures vanquished.

Notes
Turn   | Place    | Note
-------+----------+-------------------------------------------
     0 | D:1      | Allula97 the Minotaur Monk began the quest for the Orb.
     0 | D:1      | Reached XP level 1. HP: 19/19 MP: 0/0
    61 | D:1      | Reached XP level 2. HP: 15/27 MP: 1/1
   148 | D:1      | Reached skill level 1 in Armour
   269 | D:1      | Reached XP level 3. HP: 25/33 MP: 2/2
   353 | D:1      | You fall through a shaft!
   353 | D:2      | Found a hide-covered altar of Uskayaw.
   368 | D:2      | Found an iron altar of Okawaru.
   384 | D:2      | Became a worshipper of Warmaster Okawaru
   384 | D:2      | Reached * piety under Okawaru
   384 | D:2      | Reached ** piety under Okawaru
   592 | D:2      | Found a snail-covered altar of Cheibriados.
   592 | D:2      | Found a burning altar of Makhleb.
   950 | D:3      | Reached XP level 4. HP: 36/40 MP: 0/3
   954 | D:3      | Killed from afar by an orc priest

Skill      XL: |  1  2  3 |
---------------+----------+-----
Armour         | 1 2 |  2.2
Fighting       | 4 |  4.2
Long Blades    | 4 |  4.1
Dodging        | |  3.9
Stealth        | |  1.5
Unarmed Combat | |  0.8

Action                   |  1- 3 |  4- 6 || total
-------------------------+-------+-------++-------
Melee: Falchion          |    85 |     2 ||    87
       Headbutt          |    16 |       ||    16
Invok: Heroism           |     1 |       ||     1
  Use: Scroll            |     3 |       ||     3
       Potion            |       |     1 ||     1
 Stab: Sleeping          |     5 |       ||     5
Armor: Robe              |     9 |     2 ||    11
Dodge: Dodged            |    63 |     6 ||    69
       Rpst.: Falchion   |    13 |     1 ||    14
